 Dungeon Crawl Stone Soup version 0.32-a0-814-g0968bab981 (webtiles) character file.

Game seed: 17595004801239568194

11284 Mirrorweave the Purveyor of Pain (level 11, -1/86 HPs)
             Began as a Grey Draconian Necromancer on Mar 22, 2024.
             Was an Initiate of Kikubaaqudgha.
             Slain by a komodo dragon (22 damage)
             ... on level 2 of the Lair of Beasts.
             The game lasted 00:22:07 (15413 turns).

Mirrorweave the Purveyor of Pain (DrNe)            Turns: 15413, Time: 00:22:07

Health: -1/86      AC: 16    Str: 11    XL:     11   Next: 47%
Magic:  1/25       EV: 11    Int: 19    God:    Kikubaaqudgha [......]
Gold:   1068       SH:  0    Dex:  7    Spells: 19/30 levels left

rFire   + . .        n - +3 whip "Pimecig" {holy, rElec rPois Dex-5}
rCold   + . .        (no shield)
rNeg    . . .        (body armour unavailable)
rPois   +            (helmet restricted)
rElec   +            A - +0 cloak
rCorr   .            q - +2 pair of gloves
SInv    .            (no boots)
Will    .....        f - amulet of regeneration
Stlth   ++           E - ring of protection from fire
HPRegen 1.14/turn    L - ring of Fahedus {rElec rC+}
MPRegen 0.19/turn

%: no passive effects
@: no status effects
A: mud breath, mud-swimmer, AC +12, amphibious, unfitting armour, cold-blooded
a: Mud Breath, Renounce Religion


You were on level 2 of the Lair of Beasts.
You worshipped Kikubaaqudgha.
Kikubaaqudgha was noncommittal.
You visited 3 branches of the dungeon, and saw 13 of its levels.

You collected 1068 gold pieces.

Inventory:

Hand Weapons
 n - the +3 whip "Pimecig" (weapon) {holy, rElec rPois Dex-5}
   (You found it on level 2 of the Dungeon)

   Dex-5:     It affects your dexterity (-5).
   rElec:     It insulates you from electricity.
   rPois:     It protects you from poison.
 u - a +0 dagger of venom
 P - the +4 hand axe of Royalism {flame, rC+}
   (You found it on level 10 of the Dungeon)

   rC+:       It protects you from cold.
Missiles
 F - a curare-tipped dart
Armour
 q - a +2 pair of gloves (worn)
 A - a +0 cloak (worn)
 G - a scarf of invisibility
Jewellery
 f - an amulet of regeneration (around neck)
 g - a ring of flight
 D - a ring of protection from fire
 E - a ring of protection from fire (left hand)
 J - an amulet of magic regeneration
 L - the ring of Fahedus (right hand) {rElec rC+}
   (You found it on level 8 of the Dungeon)

   [ring of protection from cold]

   rC+:       It protects you from cold.
   rElec:     It insulates you from electricity.
Wands
 c - a wand of quicksilver (1)
 o - a wand of warping (3)
 p - a wand of mindburst (5)
 r - a wand of charming (12)
 K - a wand of flame (4)
Scrolls
 d - 2 scrolls of noise {unknown}
 h - 5 scrolls of amnesia {unknown}
 i - 2 scrolls of revelation {unknown}
 j - 3 scrolls of teleportation {@r3}
 y - a scroll of enchant weapon
 z - 4 scrolls of fog {@r2}
 H - 2 scrolls of torment
 I - a scroll of acquirement
 M - 2 scrolls of immolation
 O - a scroll of silence {unknown}
 Q - 4 scrolls of vulnerability {unknown}
Potions
 a - 2 potions of magic
 b - 4 potions of curing {@q2}
 e - 2 potions of invisibility {unknown}
 k - 4 potions of heal wounds {unknown}
 l - 3 potions of might {unknown}
 m - 3 potions of resistance {unknown}
 s - 2 potions of mutation {unknown}
 t - 2 potions of degeneration {unknown}
 v - 2 potions of enlightenment {unknown}
 w - 4 potions of haste {unknown}
 x - 3 potions of attraction {unknown}
 B - 2 potions of ambrosia {unknown}
 N - a potion of berserk rage {unknown}


   Skills:
 - Level 5.0 Fighting
 - Level 5.0 Dodging
 - Level 5.0 Stealth
 - Level 10.0 Spellcasting
 + Level 12.1 Necromancy
 - Level 4.0 Air Magic


You had 19 spell levels left.
You knew the following spells:

 Your Spells              Type           Power      Damage    Failure   Level
a - Necrotise             Necr           100%       1d9       1%          1
d - Animate Dead          Necr           53%        N/A       1%          4
s - Swiftness             Air            24%        N/A       4%          3
v - Vampiric Draining     Necr           53%        2d9       1%          3

Your spell library contained the following spells:

 Spells                   Type           Power      Damage    Failure   Level
 Curse of Agony           Necr           53%        N/A       1%          5
 Ensorcelled Hibernation  Hex/Ice        18%        N/A       11%         2
 Passwall                 Erth           9%         N/A       22%         3


Dungeon Overview and Level Annotations

Branches:
Dungeon (10/15)            Temple (1/1) D:5            Lair (2/5) D:8
 Shoals (0/4) Lair:2          Orc (0/2) D:9
  Snake: Lair:2-3    Spider: Lair:2-3

Altars:
Ashenzari
Cheibriados
Dithmenos
Elyvilon
Fedhas
Gozag
Hepliaklqana
Kikubaaqudgha
Makhleb
Nemelex Xobeh
Okawaru
Qazlal
Ru
Sif Muna
Trog
Uskayaw
Vehumet
Wu Jian
Xom
Yredelemnul
Zin
The Shining One
Beogh

Annotations:
D:7 Jeremiah
D:8 3 runed translucent doors, Konar's ghost, novice CoHu


Innate Abilities, Weirdness & Mutations

You can breathe torrents of mud.
You are unimpeded by mud.
Your dull iron-grey scales are very hard. (AC +12)
You are amphibious.
You cannot fit into any form of body armour.
You are cold-blooded and may be slowed by cold attacks.


Message History

The water moccasin is severely wounded.
The water moccasin barely misses you.
You hit the water moccasin.
Your tail-slap misses the water moccasin.
The water moccasin is almost dead.
The water moccasin completely misses you.
The water moccasin bites you.
You miss the water moccasin.
Your tail-slap misses the water moccasin.
The water moccasin is almost dead.
The water moccasin closely misses you.
You hit the water moccasin.
You kill the water moccasin!
Kikubaaqudgha accepts your kill. The komodo dragon bites you!
You draw life force from the komodo dragon!
You feel life coursing into your body. The komodo dragon closely misses you.
You draw life force from the komodo dragon!
You feel life coursing into your body! The komodo dragon bites you!
You draw life force from the komodo dragon.
You feel life coursing into your body. The komodo dragon bites you!
You are out of magic!
You whack the komodo dragon!
You tail-slap the komodo dragon, but do no damage.
The komodo dragon is almost dead.
The komodo dragon bites you! The komodo dragon bites you!!
You are too injured to fight recklessly!
Aiming: Mindburst
Press: ? - help, Q - select action, (/) - cycle Shift-Dir - straight line, f/p - komodo dragon
Aim: a komodo dragon (almost dead, chance to affect: 47%)
The komodo dragon resists with some effort.
The komodo dragon bites you!
* * * LOW HITPOINT WARNING * * *
Aiming: Mindburst
Press: ? - help, Q - select action, (/) - cycle Shift-Dir - straight line, f/p - komodo dragon
Aim: a komodo dragon (almost dead, chance to affect: 47%)
The komodo dragon resists with some effort.
The komodo dragon bites you!!
You die...
Kikubaaqudgha rasps: You have failed me!
Welcome... death!

.......###
#.......#
#........#
###P+..##
..###<####
##..## # #..#
#..# ## #P..
#####'##..#
##..#
##........P#
#.P#
#.........##
..##
##........#.
...
#..@......#
...
+..†l....##
...........#
....#........#
.###.........#
#.........#
##........#
.........#


You could see a komodo dragon.

Vanquished Creatures
  A hydra (D:9)
  A two-headed ogre (D:9)
  Maurice (D:10)
  2 elephants (Lair:1)
  3 cane toads (Lair:1)
  A komodo dragon (Lair:1)
  A rime drake (D:8)
  Grinder (D:4)
  2 dream sheep (D:9)
  A vampire (D:10)
  Sigmund (D:2)
  A shadow (D:10)
  3 yaks (D:8)
  2 wyverns (D:9)
  2 steam dragons (D:8)
  2 acid dragons
  5 water moccasins
  4 orc warriors
  Pargi (D:3)
  A black bear (Lair:2)
  2 sky beasts (D:7)
  2 laughing skulls (D:10)
  4 ice beasts
  An ogre (D:4)
  2 wolves
  3 centaurs
  3 phantoms
  4 kobold brigands
  6 bullfrogs
  2 gnoll sergeants
  2 scorpions
  5 wights
  A troll zombie (D:9)
  9 killer bees
  3 bombardier beetles
  7 orc priests
  A hound (D:5)
  2 sleepcaps
  Jessica (D:3)
  3 iguanas
  6 orc wizards
  5 ogre zombies (D:9)
  14 gnolls
  9 adders
  2 white imps
  2 ufetubi (D:6)
  4 dart slugs
  3 ribbon worms
  32 orcs
  5 ball pythons
  12 bats
  7 endoplasms
  3 giant cockroaches (D:4)
  5 gnoll zombies (D:9)
  8 goblins
  4 hobgoblins
  4 jackals
  19 kobolds
  3 quokkas
  4 frilled lizards
  A gnoll skeleton (D:9)
  19 orc zombies (D:9)
  5 rats
275 creatures vanquished.

Vanquished Creatures (collateral kills)
  A wolf (D:7)
  A centaur (D:7)
  A kobold brigand (D:5)
  A killer bee (D:8)
  An orc wizard (D:8)
  2 ogre zombies (D:9)
  4 orcs
  2 kobolds (D:7)
13 creatures vanquished.

Vanquished Creatures (others)
  A hornet (D:7)
  An orc (D:8)
2 creatures vanquished.

Grand Total: 290 creatures vanquished

Notes
Turn   | Place    | Note
-------+----------+-------------------------------------------
     0 | D:1      | Mirrorweave the Draconian Necromancer began the quest for
                  | the Orb.
     0 | D:1      | Reached XP level 1. HP: 14/14 MP: 3/3
   207 | D:1      | Reached XP level 2. HP: 22/22 MP: 1/5
   563 | D:1      | Reached skill level 1 in Fighting
  1148 | D:2      | Reached XP level 3. HP: 19/28 MP: 1/6
  1438 | D:2      | Found an iron altar of Okawaru.
  1642 | D:2      | Identified the +3 whip "Pimecig" {holy, rElec rPois Dex-5}
  1654 | D:2      | Reached XP level 4. HP: 36/36 MP: 4/7
  2352 | D:3      | Reached XP level 5. HP: 21/42 MP: 4/9
  2491 | D:3      | Noticed Sigmund
  2740 | D:2      | Killed Sigmund
  2741 | D:2      | Reached XP level 6. HP: 27/51 MP: 0/11
  3532 | D:3      | Noticed Jessica
  3538 | D:3      | Killed Jessica
  3915 | D:3      | Noticed Pargi
  3931 | D:3      | Killed Pargi
  3932 | D:3      | Your scales start taking on a dull iron-grey colour.
  3932 | D:3      | Reached XP level 7. HP: 44/58 MP: 1/13
  4220 | D:4      | Noticed Grinder
  4282 | D:4      | Killed Grinder
  4921 | D:4      | Reached XP level 8. HP: 53/67 MP: 7/15
  5049 | D:4      | Reached skill level 5 in Fighting
  5049 | D:4      | Reached skill level 5 in Stealth
  5378 | D:4      | Learned a level 3 spell: Swiftness
  5400 | D:5      | Entered Level 5 of the Dungeon
  5834 | D:5      | Reached skill level 5 in Spellcasting
  5834 | D:5      | Reached skill level 1 in Air Magic
  6077 | D:5      | Found a radiant altar of Vehumet.
  6079 | D:5      | Found a white marble altar of Elyvilon.
  6095 | D:5      | Found a staircase to the Ecumenical Temple.
  6216 | D:5      | Reached skill level 5 in Dodging
  6264 | D:5      | Found a burning altar of Makhleb.
  6346 | D:5      | Found a shimmering altar of Xom.
  6348 | D:5      | Found a hazy altar of Hepliaklqana.
  6521 | Temple   | Entered the Ecumenical Temple
  8371 | D:7      | Noticed Jeremiah
  8380 | D:7      | Reached XP level 9. HP: 69/74 MP: 8/18
  9218 | D:7      | Found a bloodstained altar of Trog.
  9750 | D:7      | Found a sparkling altar of Nemelex Xobeh.
  9888 | D:8      | Noticed a rime drake
 10038 | D:8      | Killed a rime drake
 10108 | D:8      | Found a staircase to the Lair.
 10291 | D:8      | Identified the ring of Fahedus {rElec rC+}
 10505 | D:8      | Found a basalt altar of Yredelemnul.
 10534 | D:8      | Reached XP level 10. HP: 70/81 MP: 16/23
 10579 | D:8      | Found a runed translucent gate.
 10579 | D:8      | Found a runed translucent gate.
 10579 | D:8      | Found a runed translucent gate.
 10584 | D:8      | Noticed Konar's ghost (novice CoHu)
 10585 | D:8      | Identified the +1 plate armour of Imperfection {*Slow rC+++
                  | Will+ Int+3}
 10589 | D:8      | Found a roughly hewn altar of Beogh.
 10659 | D:8      | Reached skill level 10 in Spellcasting
 10948 | D:8      | Identified a scroll of acquirement
 11011 | D:9      | Reached skill level 5 in Necromancy
 11142 | D:9      | Noticed a two-headed ogre
 11159 | D:9      | Killed a two-headed ogre
 11160 | D:9      | Reached skill level 6 in Necromancy
 11287 | D:9      | Reached skill level 7 in Necromancy
 11364 | D:9      | Found a staircase to the Orcish Mines.
 11561 | D:9      | Reached skill level 8 in Necromancy
 11899 | D:9      | Reached skill level 9 in Necromancy
 11973 | D:9      | Noticed a two-headed hydra
 12007 | D:9      | Killed a two-headed hydra
 12819 | D:10     | Entered Level 10 of the Dungeon
 12825 | D:10     | Identified the +4 hand axe of Royalism {flame, rC+}
 12833 | D:10     | Found an iron altar of Okawaru.
 12859 | D:10     | Noticed Maurice
 12884 | D:10     | Reached skill level 10 in Necromancy
 12884 | D:10     | Reached XP level 11. HP: 74/86 MP: 25/25
 13038 | D:10     | Found an ancient bone altar of Kikubaaqudgha.
 13038 | D:10     | Found a sacrificial altar of Ru.
 13080 | D:10     | Maurice stole a ring of flight
 13082 | D:10     | Became a worshipper of Kikubaaqudgha
 13090 | D:10     | Killed Maurice
 13846 | D:10     | Learned a level 4 spell: Animate Dead
 13924 | Lair:1   | Entered Level 1 of the Lair of Beasts
 13940 | Lair:1   | Identified the +1 spear of Beogh's Supremacy {speed, rN+}
 13971 | Lair:1   | Reached skill level 11 in Necromancy
 14262 | Lair:1   | Learned a level 3 spell: Vampiric Draining
 15018 | Lair:2   | Found a staircase to the Shoals.
 15338 | Lair:2   | Reached skill level 12 in Necromancy
 15413 | Lair:2   | Slain by a komodo dragon

Illustrated notes

Levels and vault maps discovered:
D:1:      lightli_arrival_noodles, layout_basic
D:2:      layout_loops_cross, basic_altar
D:3:      layout_basic, hangedman_abyss_or_decor_lesser_grid, uniq_jessica,
          uniq_sigmund, uniq_pargi
D:4:      layout_basic, uniq_grinder
D:5:      layout_basic, marbit_many_paths, nicolae_overflow_hidden_temple,
          temple_doors_cd, glass_columns_a, st_stairs_5, serial_bayou_lagoon_a,
          dk_rats_in_the_wall
D:6:      layout_loops_corners, serial_glass, glass_columns_b, glass_columns_a,
          dreamdust_wishing_well, minmay_crystal_room, minmay_misc_feat_tower,
          chequers_serial_rivers_small_3
D:7:      layout_basic, lemuel_coloured_pillars_altar, bloody_trog,
          uniq_jeremiah
D:8:      layout_cave_pools, mainiacjoe_overflow_alcove_1,
          hellmonk_lair_entry_icy, biasface_ghost_orc_armoury
D:9:      layout_gridville, zombieorc2_lemuel, hangedman_ranch
D:10:     layout_small_grid, kennysheep_okawaru_gauntlet,
          mainiacjoe_overflow_divided_tiny, uniq_maurice
Temple:   minmay_temple_curvy_loop
Lair:1:   layout_cave_pods
Lair:2:   layout_roguey [special_room_bee], elwin_shoals_entry_rocks,
          nicolae_spider_entry_orb_guardian, basic_altar,
          nicolae_volcano_entry_batcave, columned_hall_lemuel, uniq_maggie

Skill      XL: |  1  2  3  4  5  6  7  8  9 10 11 |
---------------+----------------------------------+-----
Stealth        | 2 3 4 5 |  5.0
Dodging        | 2 3 4 5 |  5.0
Fighting       | 1 2 3 4 5 |  5.0
Spellcasting   | 3 4 6 9 10 | 10.0
Air Magic      | 4 |  4.0
Necromancy     | 10 12 | 12.1

Action                     |  1- 3 |  4- 6 |  7- 9 | 10-12 || total
---------------------------+-------+-------+-------+-------++-------
  Melee: Unarmed           |    31 |    24 |       |       ||    55
         Tailslap          |     3 |     4 |    13 |    26 ||    46
         Whip              |       |    17 |    14 |   158 ||   189
         Dagger            |       |       |    90 |    19 ||   109
   Cast: Necrotise         |    63 |   126 |   397 |   261 ||   847
         Vampiric Draining |       |       |       |    36 ||    36
Ability: Mud Breath        |       |       |     2 |     2 ||     4
  Evoke: Wand              |       |       |    10 |    37 ||    47
    Use: Potion            |       |     1 |       |     4 ||     5
         Scroll            |       |       |       |     8 ||     8
   Stab: Distracted        |       |       |     1 |     1 ||     2
         Sleeping          |       |       |       |     1 ||     1
 Armour: Skin              |    26 |   116 |   293 |   396 ||   831
  Dodge: Dodged            |    22 |    57 |   254 |   331 ||   664

Table legend: (Time is in decaauts)
 A = Elapsed time spent in this place.
 B = Non-inter-level travel time spent in this place.
 C = Inter-level travel time spent in this place.
 D = Time resting spent in this place.
 E = Time spent auto-exploring this place.
 F = Levels seen in this place.
 G = Mean time per level.
                   A        B        C        D        E       F      G
               +--------+--------+--------+--------+--------+-----+--------+
         Total |  15451 |  14564 |    887 |   1029 |  11137 |  13 | 1188.5 |
       Dungeon |  13880 |  13122 |    758 |    991 |   9912 |  10 | 1388.0 |
        Temple |     81 |      0 |     81 |      0 |      0 |   1 |   81.0 |
          Lair |   1489 |   1442 |     47 |     38 |   1225 |   2 |  744.5 |
               +--------+--------+--------+--------+--------+-----+--------+

Top non-repeatable levels by time:
     D:9: 1730 daAuts
     D:7: 1717 daAuts
     D:3: 1662 daAuts
     D:6: 1641 daAuts
     D:2: 1465 daAuts
     D:8: 1252 daAuts
  Lair:1: 1226 daAuts
     D:5: 1161 daAuts
     D:4: 1143 daAuts
     D:1: 1137 daAuts
    D:10: 967 daAuts
  Lair:2: 262 daAuts
  Temple: 81 daAuts
